| TOP OF THE 1ST |
|
Cocoa Flyers batting - Pitching for St. Petersburg Saints : RHP Gerardo Moreno
|
|
Pitching: RHP Gerardo Moreno
|
|
|
Batting: RHB Danny Arroyo
|
0-0: Bunted foul 0-1: Ball 1-1: Hit by Pitch
|
|
Batting: RHB Lorenzo Quintanilla
|
0-0: Ball 1-0: Ball 2-0: Called Strike 2-1: Foul Ball, location: 2F 2-2: Grounds into double play, 6-4-3 (Groundball, 6, EV 110.6 MPH)
|
|
Batting: LHB Gary Robertson
|
0-0: Called Strike 0-1: Fly out, F6 (Popup, P, EV 85.0 MPH)
|
| Top of the 1st over - 0 runs, 0 hits, 0 errors, 0 left on base; Cocoa 0 - St. Petersburg 0 |
| BOTTOM OF THE 1ST |
|
St. Petersburg Saints batting - Pitching for Cocoa Flyers : RHP Ken Pryce
|
|
Pitching: RHP Ken Pryce
|
|
|
Batting: LHB Omar de la Torre
|
0-0: Ball 1-0: Called Strike 1-1: Fly out, F7 (Flyball, 7, EV 91.9 MPH)
|
|
Batting: RHB Pablo Carballo
|
0-0: Called Strike 0-1: Ball 1-1: Foul Ball, location: 2F 1-2: Strikes out looking
|
|
Batting: LHB Terry Blocker
|
0-0: Swinging Strike 0-1: Called Strike 0-2: Ball 1-2: Ground out 4-3 (Groundball, 4, EV 106.3 MPH)
|
| Bottom of the 1st over - 0 runs, 0 hits, 0 errors, 0 left on base; Cocoa 0 - St. Petersburg 0 |
| TOP OF THE 2ND |
|
Cocoa Flyers batting - Pitching for St. Petersburg Saints : RHP Gerardo Moreno
|
|
Batting: RHB Larry McNutt
|
0-0: Ball 1-0: Foul Ball, location: 2F 1-1: Foul Ball, location: 2F 1-2: Strikes out swinging
|
|
Batting: SHB Rick Lockwood
|
0-0: Ball 1-0: Called Strike 1-1: Ball 2-1: Ball 3-1: Base on Balls
|
|
Batting: RHB Johnny Salery
|
0-0: Called Strike Rick Lockwood steals 2nd base 0-1: Foul Ball, location: 2F 0-2: Foul Ball, location: 2F 0-2: Ball 1-2: Ball 2-2: Ball 3-2: Fly out, F4 (Flyball, 34D, EV 82.5 MPH)
|
|
Batting: RHB Jorge Diaz
|
0-0: Ball 1-0: Ball 2-0: Swinging Strike 2-1: Reached on error, E6 (Groundball, 6, EV 86.9 MPH) Rick Lockwood to third
|
|
Batting: RHB David McClure
|
0-0: Ball 1-0: Ball 2-0: Called Strike 2-1: Fielders Choice at 2nd, 5-4 (Groundball, 56, EV 79.4 MPH)
|
| Top of the 2nd over - 0 runs, 0 hits, 1 error, 2 left on base; Cocoa 0 - St. Petersburg 0 |
| BOTTOM OF THE 2ND |
|
St. Petersburg Saints batting - Pitching for Cocoa Flyers : RHP Ken Pryce
|
|
Batting: RHB Rock Coyle
|
0-0: Ball 1-0: Foul Ball, location: 2F 1-1: Foul Ball, location: 2F 1-2: Ball 2-2: Ground out 6-3 (Groundball, 6, EV 101.9 MPH)
|
|
Batting: RHB Ric Despaux
|
0-0: Fly out, F9 (Flyball, 89D, EV 110.6 MPH)
|
|
Batting: RHB Dave Clements
|
0-0: Fly out, F3 (Popup, 3, EV 74.4 MPH)
|
| Bottom of the 2nd over - 0 runs, 0 hits, 0 errors, 0 left on base; Cocoa 0 - St. Petersburg 0 |
| TOP OF THE 3RD |
|
Cocoa Flyers batting - Pitching for St. Petersburg Saints : RHP Gerardo Moreno
|
|
Batting: RHB Miguel Dominguez
|
0-0: Called Strike 0-1: Ball 1-1: Ball 2-1: Fly out, F7 (Flyball, 78D, EV 100.0 MPH)
|
|
Batting: RHB Danny Arroyo
|
0-0: Called Strike 0-1: Ball 1-1: Swinging Strike 1-2: Strikes out swinging
|
|
Batting: RHB Lorenzo Quintanilla
|
0-0: Ground out 6-3 (Groundball, 56, EV 99.4 MPH)
|
| Top of the 3rd over - 0 runs, 0 hits, 0 errors, 0 left on base; Cocoa 0 - St. Petersburg 0 |
| BOTTOM OF THE 3RD |
|
St. Petersburg Saints batting - Pitching for Cocoa Flyers : RHP Ken Pryce
|
|
Batting: RHB Randy Ingle
|
0-0: Called Strike 0-1: Ground out 4-3 (Groundball, 4M, EV 105.0 MPH)
|
|
Batting: RHB Roberto Alvarez
|
0-0: Called Strike 0-1: SINGLE (Groundball, 6MD, EV 103.8 MPH)
|
|
Batting: RHB Francisco Escalera
|
0-0: Ball 1-0: Ball 2-0: Fly out, F8 (Flyball, 8LXD, EV 107.5 MPH) Runner from 1st tags up, SAFE at 2nd
|
|
Batting: LHB Omar de la Torre
|
0-0: Ball 1-0: Ground out 5-3 (Groundball, 56, EV 85.0 MPH)
|
| Bottom of the 3rd over - 0 runs, 1 hit, 0 errors, 1 left on base; Cocoa 0 - St. Petersburg 0 |
| TOP OF THE 4TH |
|
Cocoa Flyers batting - Pitching for St. Petersburg Saints : RHP Gerardo Moreno
|
|
Batting: LHB Gary Robertson
|
0-0: Called Strike 0-1: Fly out, F8 (Line Drive, 8LD, EV 96.9 MPH)
|
|
Batting: RHB Larry McNutt
|
0-0: Ball 1-0: Foul Ball, location: 2F 1-1: Fly out, F8 (Flyball, 8RXD, EV 90.0 MPH)
|
|
Batting: SHB Rick Lockwood
|
0-0: Called Strike 0-1: Ball 1-1: Ball 2-1: Foul Ball, location: 2F 2-2: Ball 3-2: Fly out, F7 (Line Drive, 7, EV 100.0 MPH)
|
| Top of the 4th over - 0 runs, 0 hits, 0 errors, 0 left on base; Cocoa 0 - St. Petersburg 0 |
| BOTTOM OF THE 4TH |
|
St. Petersburg Saints batting - Pitching for Cocoa Flyers : RHP Ken Pryce
|
|
Batting: RHB Pablo Carballo
|
0-0: Called Strike 0-1: Fly out, F9 (Flyball, 9S, EV 93.1 MPH)
|
|
Batting: LHB Terry Blocker
|
0-0: Called Strike 0-1: Ball 1-1: Reached on error, E4 (Groundball, 4, EV 85.6 MPH)
|
|
Batting: RHB Rock Coyle
|
0-0: Ball 1-0: Ball 2-0: Foul Ball, location: 2F 2-1: Ball 3-1: Called Strike 3-2: Fly out, F9 (Flyball, 89D, EV 102.5 MPH)
|
|
Batting: RHB Ric Despaux
|
0-0: Ball Terry Blocker steals 2nd base 1-0: Called Strike 1-1: Ground out 4-3 (Groundball, 13, EV 89.4 MPH)
|
| Bottom of the 4th over - 0 runs, 0 hits, 1 error, 1 left on base; Cocoa 0 - St. Petersburg 0 |
| TOP OF THE 5TH |
|
Cocoa Flyers batting - Pitching for St. Petersburg Saints : RHP Gerardo Moreno
|
|
Batting: RHB Johnny Salery
|
0-0: Ground out 6-3 (Groundball, 6, EV 88.8 MPH)
|
|
Batting: RHB Jorge Diaz
|
0-0: Ball 1-0: Foul Ball, location: 2F 1-1: Ball 2-1: Ball 3-1: Foul Ball, location: 2F 3-2: Base on Balls
|
|
Batting: RHB David McClure
|
0-0: Ball 1-0: Ball 2-0: Called Strike 2-1: Ball 3-1: SINGLE (Line Drive, 6MD, EV 98.1 MPH) Jorge Diaz to second
|
|
Batting: RHB Miguel Dominguez
|
0-0: Called Strike 0-1: Ball 1-1: Ball 2-1: Grounds into double play, 6-4-3 (Groundball, 6, EV 86.3 MPH)
|
| Top of the 5th over - 0 runs, 1 hit, 0 errors, 1 left on base; Cocoa 0 - St. Petersburg 0 |
| BOTTOM OF THE 5TH |
|
St. Petersburg Saints batting - Pitching for Cocoa Flyers : RHP Ken Pryce
|
|
Batting: RHB Dave Clements
|
0-0: Ball 1-0: Ground out 6-3 (Groundball, 6, EV 81.3 MPH)
|
|
Batting: RHB Randy Ingle
|
0-0: Ball 1-0: Fly out, F9 (Flyball, 9D, EV 89.4 MPH)
|
|
Batting: RHB Roberto Alvarez
|
0-0: Ball 1-0: Ball 2-0: Called Strike 2-1: Fly out, F7 (Flyball, 7LM, EV 84.4 MPH)
|
| Bottom of the 5th over - 0 runs, 0 hits, 0 errors, 0 left on base; Cocoa 0 - St. Petersburg 0 |
| TOP OF THE 6TH |
|
Cocoa Flyers batting - Pitching for St. Petersburg Saints : RHP Gerardo Moreno
|
|
Batting: RHB Danny Arroyo
|
0-0: Fly out, F9 (Flyball, 9D, EV 88.8 MPH)
|
|
Batting: RHB Lorenzo Quintanilla
|
0-0: Ball 1-0: Called Strike 1-1: SINGLE (Groundball, 6MD, EV 102.5 MPH)
|
|
Batting: LHB Gary Robertson
|
0-0: Ball 1-0: Ball 2-0: Ball 3-0: Called Strike 3-1: SINGLE (Groundball, 34D, EV 104.4 MPH) Lorenzo Quintanilla to second Runner from 2nd tries for 3rd, SAFE, throw by RF made to third
|
|
Batting: RHB Larry McNutt
|
0-0: Ball 1-0: Ball 2-0: Called Strike 2-1: Fly out, F8 (Flyball, 8RXD, EV 85.6 MPH) Runner from 3rd tags up, SCORES, no throw by CF
|
|
Batting: SHB Rick Lockwood
|
0-0: Ball 1-0: Called Strike 1-1: Foul Ball, location: 2F 1-2: Ball 2-2: Ball 3-2: Base on Balls Gary Robertson to second
|
|
Batting: RHB Johnny Salery
|
0-0: Fly out, F9 (Flyball, 89S, EV 84.4 MPH)
|
| Top of the 6th over - 1 run, 2 hits, 0 errors, 2 left on base; Cocoa 1 - St. Petersburg 0 |
| BOTTOM OF THE 6TH |
|
St. Petersburg Saints batting - Pitching for Cocoa Flyers : RHP Ken Pryce
|
|
Batting: RHB Francisco Escalera
|
0-0: Foul Ball, location: 2F 0-1: Called Strike 0-2: Ground out 6-3 (Groundball, 6, EV 102.5 MPH)
|
|
Batting: LHB Omar de la Torre
|
0-0: Ball 1-0: Called Strike 1-1: Ball 2-1: Ground out 4-3 (Groundball, 4, EV 88.1 MPH)
|
|
Batting: RHB Pablo Carballo
|
0-0: Foul Ball, location: 2F 0-1: Ball 1-1: Ball 2-1: Called Strike 2-2: Foul Ball, location: 2F 2-2: Ball 3-2: Strikes out swinging
|
| Bottom of the 6th over - 0 runs, 0 hits, 0 errors, 0 left on base; Cocoa 1 - St. Petersburg 0 |
| TOP OF THE 7TH |
|
Cocoa Flyers batting - Pitching for St. Petersburg Saints : RHP Gerardo Moreno
|
|
Batting: RHB Jorge Diaz
|
0-0: Fly out, F8 (Flyball, 8RD, EV 99.4 MPH)
|
|
Batting: RHB David McClure
|
0-0: Fly out, F9 (Flyball, 89S, EV 83.8 MPH)
|
|
Batting: RHB Miguel Dominguez
|
0-0: Swinging Strike 0-1: Foul Ball, location: 2F 0-2: Ball 1-2: Foul Ball, location: 2F 1-2: Ball 2-2: SINGLE (Line Drive, 9LS, EV 108.1 MPH)
|
|
Batting: RHB Danny Arroyo
|
0-0: Ball 1-0: Ball 2-0: Ball 3-0: Base on Balls Miguel Dominguez to second
|
|
Batting: RHB Lorenzo Quintanilla
|
0-0: Ball 1-0: Fly out, F8 (Line Drive, 8LD, EV 91.9 MPH)
|
| Top of the 7th over - 0 runs, 1 hit, 0 errors, 2 left on base; Cocoa 1 - St. Petersburg 0 |
| BOTTOM OF THE 7TH |
|
St. Petersburg Saints batting - Pitching for Cocoa Flyers : RHP Ken Pryce
|
|
Batting: LHB Terry Blocker
|
0-0: Ball 1-0: Called Strike 1-1: Foul Ball, location: 2F 1-2: Ground out U3 (Groundball, 3L, EV 87.5 MPH)
|
|
Batting: RHB Rock Coyle
|
0-0: Foul Ball, location: 2F 0-1: Ball 1-1: Foul Ball, location: 2F 1-2: Ball 2-2: Ground out 6-3 (Groundball, 6, EV 84.4 MPH)
|
|
Batting: RHB Ric Despaux
|
0-0: Ball 1-0: Ball 2-0: Called Strike 2-1: SINGLE (Line Drive, 5D, EV 97.5 MPH)
|
|
Pinch Hitting: LHB Al Leboeuf
|
0-0: Called Strike Ric Despaux steals 2nd base 0-1: Swinging Strike 0-2: Ball 1-2: Ball 2-2: SINGLE (Line Drive, 9S, EV 91.3 MPH) Ric Despaux to third Runner from 3rd tries for Home, SAFE, throw by RF to home
|
|
Batting: RHB Randy Ingle
|
0-0: Fly out, F9 (Line Drive, 9D, EV 91.9 MPH)
|
| Bottom of the 7th over - 1 run, 2 hits, 0 errors, 1 left on base; Cocoa 1 - St. Petersburg 1 |
| TOP OF THE 8TH |
|
Cocoa Flyers batting - Pitching for St. Petersburg Saints : RHP Gerardo Moreno
|
|
Now at 1B: Al Leboeuf
|
|
|
Batting: LHB Gary Robertson
|
0-0: Ball 1-0: Ground out 3-1 (Groundball, 34, EV 78.8 MPH)
|
|
Batting: RHB Larry McNutt
|
0-0: Called Strike 0-1: Ground out 4-3 (Groundball, 4S, EV 65.6 MPH)
|
|
Batting: SHB Rick Lockwood
|
0-0: Swinging Strike 0-1: Ball 1-1: Ball 2-1: Foul Ball, location: 2F 2-2: Fly out, F8 (Flyball, 89M, EV 88.8 MPH)
|
| Top of the 8th over - 0 runs, 0 hits, 0 errors, 0 left on base; Cocoa 1 - St. Petersburg 1 |
| BOTTOM OF THE 8TH |
|
St. Petersburg Saints batting - Pitching for Cocoa Flyers : RHP Ken Pryce
|
|
Batting: RHB Roberto Alvarez
|
0-0: Hit by Pitch
|
|
Batting: RHB Francisco Escalera
|
0-0: Ball 1-0: Swinging Strike 1-1: Swinging Strike 1-2: Ball 2-2: Fly out, F9 (Flyball, 9D, EV 105.6 MPH)
|
|
Batting: LHB Omar de la Torre
|
0-0: Called Strike 0-1: Ball 1-1: Fielders Choice at 2nd, 4-6 (Groundball, 4, EV 85.6 MPH)
|
|
Batting: RHB Pablo Carballo
|
0-0: Ball Omar de la Torre is caught stealing 2nd base 2-4
|
| Bottom of the 8th over - 0 runs, 0 hits, 0 errors, 0 left on base; Cocoa 1 - St. Petersburg 1 |
| TOP OF THE 9TH |
|
Cocoa Flyers batting - Pitching for St. Petersburg Saints : RHP Gerardo Moreno
|
|
Pitching: RHP Edgardo Santana
|
|
|
Pinch Hitting: LHB Shanie Dugas
|
0-0: Ball 1-0: Foul Ball, location: 2F 1-1: Foul Ball, location: 2F 1-2: Ball 2-2: Ground out 2-3 (Groundball, 13S, EV 73.1 MPH)
|
|
Batting: RHB Jorge Diaz
|
0-0: Foul Ball, location: 2F 0-1: Fly out, F7 (Flyball, 7LS, EV 81.3 MPH)
|
|
Batting: RHB David McClure
|
0-0: Called Strike 0-1: Ball 1-1: Swinging Strike 1-2: SINGLE (Groundball, 6S, EV 68.8 MPH) (infield hit)
|
|
Pinch Hitting: LHB Clint Hurdle
|
0-0: Ball David McClure steals 2nd base 1-0: Ball 2-0: Ball 3-0: Called Strike 3-1: Called Strike 3-2: Foul Ball, location: 2F 3-2: Base on Balls
|
|
Batting: RHB Danny Arroyo
|
0-0: Ball 1-0: Fielders Choice at 2nd, 6-4 (Groundball, 6, EV 78.8 MPH)
|
| Top of the 9th over - 0 runs, 1 hit, 0 errors, 2 left on base; Cocoa 1 - St. Petersburg 1 |
| BOTTOM OF THE 9TH |
|
St. Petersburg Saints batting - Pitching for Cocoa Flyers : RHP Ken Pryce
|
|
Now at C: Clint Hurdle
|
|
|
Now at 3B: Shanie Dugas
|
|
|
Pinch Hitting: RHB Jeff Pyburn
|
0-0: Ball 1-0: Ball 2-0: Called Strike 2-1: Ball 3-1: Base on Balls
|
|
Batting: LHB Terry Blocker
|
0-0: Called Strike Jeff Pyburn is caught stealing 2nd base 2-6 0-1: SINGLE (Line Drive, 6MD, EV 95.0 MPH)
|
|
Batting: RHB Rock Coyle
|
0-0: Called Strike 0-1: Ball 1-1: Fly out, F8 (Flyball, 78M, EV 80.6 MPH)
|
|
Batting: RHB Ric Despaux
|
0-0: Ball 1-0: Called Strike Terry Blocker steals 2nd base 1-1: Fly out, F8 (Flyball, 8LM, EV 95.0 MPH)
|
| Bottom of the 9th over - 0 runs, 1 hit, 0 errors, 1 left on base; Cocoa 1 - St. Petersburg 1 |
| TOP OF THE 10TH |
|
Cocoa Flyers batting - Pitching for St. Petersburg Saints : RHP Edgardo Santana
|
|
Now at 3B: Pablo Cavallo
|
|
|
Batting: RHB Lorenzo Quintanilla
|
0-0: Foul Ball, location: 2F 0-1: Foul Ball, location: 2F 0-2: Ball 1-2: Ground out 6-3 (Groundball, 6, EV 79.4 MPH)
|
|
Batting: LHB Gary Robertson
|
0-0: Called Strike 0-1: Fly out, F7 (Flyball, 7, EV 96.3 MPH)
|
|
Batting: RHB Larry McNutt
|
0-0: Ball 1-0: Called Strike 1-1: Called Strike 1-2: Ball 2-2: Strikes out swinging
|
| Top of the 10th over - 0 runs, 0 hits, 0 errors, 0 left on base; Cocoa 1 - St. Petersburg 1 |
| BOTTOM OF THE 10TH |
|
St. Petersburg Saints batting - Pitching for Cocoa Flyers : RHP Ken Pryce
|
|
Pitching: RHP Jeffery Vail
|
|
|
Batting: LHB Al Leboeuf
|
0-0: Ball 1-0: Ball 2-0: DOUBLE (Line Drive, 9LD, EV 110.0 MPH)
|
|
Batting: RHB Randy Ingle
|
0-0: Foul Ball, location: 2F 0-1: SINGLE (Groundball, 4MD, EV 98.1 MPH) Al Leboeuf to third Runner from 3rd tries for Home, SAFE, throw by CF to home
|
| Bottom of the 10th over - 1 run, 2 hits, 0 errors, 0 left on base; Cocoa 1 - St. Petersburg 2 |
|